 Dungeon Crawl Stone Soup version 0.28.0 (webtiles) character file.

Game seed: 8839706649752929087

156 psuckher the Sneak (level 5, -1/53 HPs)
             Began as a Troll Delver on Feb 16, 2022.
             Slain by Grinder (6 damage)
             ... on level 5 of the Dungeon.
             The game lasted 00:00:46 (151 turns).

psuckher the Sneak (Troll Delver)                    Turns: 151, Time: 00:00:46

Health: -1/53      AC:  4    Str: 22    XL:     5   Next: 14%
Magic:  4/4        EV: 10    Int:  6    God:
Gold:   19         SH:  0    Dex: 11    Spells: 4/4 levels left

rFire   . . .      SeeInvis .     - Unarmed
rCold   . . .      Faith    .   (no shield)
rNeg    . . .      Spirit   .   a - +0 robe
rPois   .          Reflect  .   (helmet restricted)
rElec   .          Harm     .   (no cloak)
rCorr   .          Rampage  .   (gloves unavailable)
Will    .....                   (boots unavailable)
Stlth   ++........              (no amulet)
HPRegen 0.97/turn               (no ring)
MPRegen 0.09/turn               (no ring)

@: no status effects
A: large, unfitting armour, claws 3, regeneration 1, shaggy fur 1, tough skin 1
a: no special abilities


You were on level 5 of the Dungeon.
You visited 1 branch of the dungeon, and saw 1 of its levels.

You collected 19 gold pieces.

Inventory:

Armour
 a - a +0 robe (worn)
Wands
 f - a wand of digging (3)
Scrolls
 b - a scroll of fog
 c - a scroll of magic mapping
 d - a scroll of fear
 g - a scroll of identify {unknown}
Potions
 e - a potion of haste


   Skills:
 + Level 3.0 Fighting
 + Level 1.8 Dodging
 + Level 3.7 Stealth
 + Level 2.6 Unarmed Combat


You had 4 spell levels left.
You didn't know any spells.
Your spell library was empty.

Dungeon Overview and Level Annotations

Branches:
Dungeon (5/15)
 Temple: D:4-7

Altars:

Annotations:
D:5 Grinder


Innate Abilities, Weirdness & Mutations

You are too large for most types of armour.
You have claws for hands.
Your natural rate of healing is unusually fast.
You are covered in fur. (AC +1)
You have tough skin. (AC +1)


Message History

Grinder is heavily wounded.
Grinder hits you but does no damage.
You closely miss Grinder.
Grinder is heavily wounded.
Grinder barely misses you.
You claw Grinder! Your claw misses Grinder.
Grinder is severely wounded.
Grinder gestures at you. Pain shoots through your body!
You scratch Grinder.
Grinder is severely wounded.
Grinder drinks a potion.
Grinder is healed!
You barely miss Grinder. Grinder closely misses you.
You claw Grinder!
Grinder is lightly wounded.
Grinder gestures at you.
You suddenly lose the ability to move!
Grinder hits you.
You writhe in agony.
Grinder hits you.
* * * LOW HITPOINT WARNING * * *
You writhe in agony.
* * * LOW HITPOINT WARNING * * *
Grinder hits you but does no damage. Grinder gestures at you.
You shrug off the repeated paralysis!
Grinder hits you.
* * * LOW HITPOINT WARNING * * *
You writhe in agony.
* * * LOW HITPOINT WARNING * * *
You can move again.
You barely miss Grinder.
Grinder is lightly wounded.
Grinder gestures at you.
You shrug off the repeated paralysis!
You barely miss Grinder.
Grinder is lightly wounded.
Grinder hits you.
* * * LOW HITPOINT WARNING * * *
You writhe in agony.
You die...

......###.. #..........
#........# .
#....##..#..
####...........
#..##.......#..
...#..........###.
#..............#..
....###..#####..@5......
.....###.## #...........
#....#.....##...........
........#.....#......#..
.).....##...).####..###.
........###.....##...#..
........##.........#....
...............#..####..
.#.......#.....#.##


You could see Grinder.

Vanquished Creatures
  An ogre (D:5)
  A centaur skeleton (D:5)
  A centaur zombie (D:5)
  An adder (D:5)
  An orc (D:5)
5 creatures vanquished.

Notes
Turn   | Place    | Note
-------+----------+-------------------------------------------
     0 | D:5      | psuckher the Troll Delver began the quest for the Orb.
     0 | D:5      | Reached XP level 1. HP: 22/22 MP: 0/0
    46 | D:5      | Reached XP level 2. HP: 15/29 MP: 1/1
    46 | D:5      | Reached XP level 3. HP: 19/36 MP: 2/2
    78 | D:5      | Noticed an ogre
    85 | D:5      | Killed an ogre
    86 | D:5      | Reached XP level 4. HP: 45/45 MP: 3/3
    86 | D:5      | Reached XP level 5. HP: 53/53 MP: 4/4
   114 | D:5      | Noticed Grinder
   130 | D:5      | Noticed a necrophage
   144 | D:5      | Paralysed by Grinder for 5 turns
   151 | D:5      | Slain by Grinder

Illustrated notes

Levels and vault maps discovered:
D:5:      layout_cave_pools, minmay_strange_pillars, st_stairs_12,
          goddamned_bats, uniq_grinder

Skill      XL: |  1  2  3 |
---------------+----------+-----
Stealth        | 3 |  3.7
Fighting       | 3 |  3.0
Dodging        | |  1.8
Unarmed Combat | |  2.6

Action                   |  1- 3 |  4- 6 || total
-------------------------+-------+-------++-------
Melee: Unarmed           |    19 |    25 ||    44
Armor: Robe              |    14 |     4 ||    18
Dodge: Dodged            |    19 |     9 ||    28
